 Dungeon Crawl Stone Soup version 0.27.1-33-g824d729ab1 (webtiles) character file.

Game seed: 16054685524506024044

16 Tirrikindir the Skirmisher (level 2, 15/21 HPs)
             Began as an Octopode Fighter on Dec 26, 2021.
             Was an Initiate of Ru.
             Got out of the dungeon alive.
             The game lasted 00:01:15 (558 turns).

Tirrikindir the Skirmisher (Octopode Fighter)        Turns: 558, Time: 00:01:16

Health: 15/21      AC:  1    Str: 15    XL:     2   Next: 58%
Magic:  2/2        EV: 11    Int: 10    God:    Ru [......]
Gold:   23         SH:  8    Dex: 11    Spells: 1/1 levels left

rFire    . . .     SeeInvis .   a - +0 long sword
rCold    . . .     Faith    .   b - +0 kite shield
rNeg     . . .     Spirit   .   (helmet restricted)
rPois    .         Reflect  .   (no amulet)
rElec    .         Harm     .   (no ring)
rCorr    .         Rampage  .   (no ring)
Will     .....                  (no ring)
Stlth    ++........             (no ring)
HPRegen  0.07/turn              (no ring)
MPRegen  0.08/turn              (no ring)
                                (no ring)
                                (no ring)

@: no status effects
A: almost no armour, amphibious, 8 rings, camouflage 1, gelatinous body 1,
(nimble swimmer 1), tentacles
a: Renounce Religion, Sacrifice Drink, Sacrifice Essence, Sacrifice Artifice,
Reject Sacrifices


You escaped.
You worshipped Ru.
Ru was noncommittal.
You visited 1 branch of the dungeon, and saw 1 of its levels.

You collected 23 gold pieces.

Inventory:

Hand Weapons
 a - a +0 long sword (weapon)
 e - a +0 short sword
Armour
 b - a +0 kite shield (worn)
Potions
 c - a potion of might
 d - a potion of degeneration {unknown}


   Skills:
 + Level 3.1 Fighting
 * Level 2.4 Long Blades
 + Level 3.1 Dodging
 + Level 1.0 Stealth
 + Level 3.1 Shields


You had one spell level left.
You didn't know any spells.
Your spell library was empty.

Dungeon Overview and Level Annotations

Branches:
Dungeon (1/15)

Altars:
Ru


Innate Abilities, Weirdness & Mutations

You cannot wear most types of armour.
You are amphibious.
You can wear up to eight rings at the same time.
Your skin changes colour to match your surroundings (Stealth+).
Your rubbery body absorbs attacks. (AC +1, EV +1)
((You are camouflaged near water. (Stealth+)))
You have tentacles for arms and can constrict up to eight enemies at once.


Message History

You block the frilled lizard's attack. You block the kobold's attack.
You miss the frilled lizard. Your grab misses the frilled lizard.
You block the frilled lizard's attack. The kobold barely misses you.
You riposte.
You slash the kobold!
You kill the kobold!
The frilled lizard misses you.
The frilled lizard bites you but does no damage.
Things that are here:
a +0 club; a stone; a kobold corpse You slash the frilled lizard!
You kill the frilled lizard!
You see here a frilled lizard corpse.
Things that are here:
a +0 club; a stone; a kobold corpse You now have 23 gold pieces (gained 7).
There is a dry fountain here.
A rat comes into view.
There is a faded altar of an unknown god here.
You cannot tell which god this altar belongs to.
Convert to them anyway?
Ru accepts your prayer! Ru welcomes you!
The helpless rat fails to defend itself.
You slash the rat!
You kill the rat!
You see here a rat corpse.
Ru believes you are ready to make a new sacrifice.
Okay, then.
(D) Dungeon
Where to? (? - help)
Okay, then.
(D) Dungeon
Where to? (? - help)
What level of the Dungeon? (default 1, ? - help)
There is an open door here.
There is a staircase leading out of the dungeon here.
(D) Dungeon
Where to? (Enter - D:1 @ (x,y), ? - help)
Okay, then.
Are you sure you want to leave the Dungeon?
This will make you lose the game!
You have escaped!

# ..#. ..#......# ..###..≈.
.≈?.(... #......≈. ≈..$... .#
. ...#...# . ..... .##.
......###≈≈≈###§≈≈###....
##....#......#.....#§§#
#.....#...(..≈..⌠[.≈).#####
......#......≈..@..§......[
#.....#......#.....#.......
#..)........ ##≈≈≈#'.......
#.......######.............
#...†......................
##......................... ..
#......##..........[...##....
##.####.................# #...
........................##....


There were no monsters in sight!

Vanquished Creatures
  6 ball pythons (D:1)
  A bat (D:1)
  3 endoplasms (D:1)
  A giant cockroach (D:1)
  A goblin (D:1)
  A frilled lizard (D:1)
  A kobold (D:1)
  A rat (D:1)
15 creatures vanquished.

Notes
Turn   | Place    | Note
-------+----------+-------------------------------------------
     0 | D:1      | Tirrikindir the Octopode Fighter began the quest for the
                  | Orb.
     0 | D:1      | Reached XP level 1. HP: 16/16 MP: 1/1
   452 | D:1      | Reached XP level 2. HP: 21/21 MP: 2/2
   496 | D:1      | Reached skill level 1 in Stealth
   509 | D:1      | Found a faded altar of an unknown god.
   533 | D:1      | Became a worshipper of Ru the Awakened
   558 | D:$      | Got out of the dungeon alive.

Illustrated notes

Levels and vault maps discovered:
D:1:      dpeg_arrival_rooms_with_view, layout_rooms,
          shapermc_ecumenical_altar_venn, minmay_pentomino_z4

Skill      XL: |  1  2 |
---------------+-------+-----
Stealth        | 1 |  1.0
Fighting       | |  3.1
Long Blades    | |  2.4
Dodging        | |  3.1
Shields        | |  3.1

Action                   || total
-------------------------++-------
Melee: Long sword        ||    20
       Constrict         ||     3
       Tentacles         ||     2
 Stab: Sleeping          ||     2
Armor: Skin              ||     1
Dodge: Dodged            ||    15
Block: Kite shield       ||    10
       Rpst.: Long sword ||     3
